 Dungeon Crawl Stone Soup version 0.29.0-4-gdea44cf6ec (webtiles) character file.

Game seed: 12752543559970259464

59 qw the Chopper (level 4, -5/36 HPs)
             Began as a Barachi Chaos Knight on Sept 4, 2022.
             Slain by a chaos spawn (13 damage)
             ... summoned by Xom
             ... on level 2 of the Dungeon.
             The game lasted 00:00:43 (1838 turns).

qw the Chopper (Barachi Chaos Knight)               Turns: 1838, Time: 00:00:44

Health: -5/36      AC:  5    Str: 13    XL:     4   Next: 3%
Magic:  0/4        EV: 11    Int: 13    God:
Gold:   83         SH:  0    Dex:  9    Spells: 3/3 levels left

rFire   . . .      SeeInvis .   Y - +0 hand axe (chaos)
rCold   . . .      Faith    .   (no shield)
rNeg    . . .      Spirit   .   b - +2 leather armour
rPois   .          Reflect  .   (no helmet)
rElec   .          Harm     .   (no cloak)
rCorr   .          Rampage  .   (no gloves)
Will    .....                   (no boots)
Stlth   +.........              (no amulet)
HPRegen 0.12/turn               (no ring)
MPRegen 0.09/turn               (no ring)

@: slow
A: amphibious, slowness 1, strong legs 1, +LOS, clumsy 1, weak 1
a: Hop


You were on level 2 of the Dungeon.
You visited 1 branch of the dungeon, and saw 2 of its levels.

You collected 123 gold pieces.
You spent 40 gold pieces at shops.


Innate Abilities, Weirdness & Mutations

You are amphibious.
You cover ground slowly.
You can hop short distances.
You have an extended range of vision and can be seen from far away.
You are clumsy. (Dex -2)
You are weak. (Str -2)


   Skills:
 - Level 3.6 Fighting
 + Level 5.2 Axes
 - Level 2.4 Armour
 - Level 1.1 Dodging


You had 3 spell levels left.
You didn't know any spells.
Your spell library was empty.

Inventory:

Hand Weapons
 k - a +0 club
 Y - a +0 hand axe of chaos (weapon)
Missiles
 j - 3 boomerangs (quivered)
Armour
 b - a +2 leather armour (worn)
 n - a +0 helmet
Scrolls
 a - 4 scrolls of identify
 e - 2 scrolls of noise {unknown}
 h - 2 scrolls of teleportation {unknown}
Potions
 d - a potion of might {unknown}
 f - a potion of brilliance {unknown}
 g - a potion of magic {unknown}
 i - a potion of lignification {unknown}
 l - a potion of resistance {unknown}
 m - 2 potions of curing {unknown}
Miscellaneous
 c - a piece from Xom's chessboard (15/15)

Dungeon Overview and Level Annotations

Branches:
Dungeon (2/15)

Altars:

Shops:
D:2 ?


Message History

The ball python is heavily wounded.
The ball python closely misses you. The ball python barely misses you. x2
The ball python closely misses you.
You hit the ball python but do no damage.
The ball python is moderately wounded.
The ball python barely misses you. x2
You closely miss the ball python.
The ball python is moderately wounded.
The ball python bites you. The ball python grabs you.
The ball python constricts you.
You closely miss the ball python.
The ball python is moderately wounded.
The ball python bites you but does no damage.
The ball python constricts you. The ball python barely misses you.
The ball python constricts you.
You hit the ball python. You burn the ball python.
You kill the ball python!
You start resting.
HP restored.
Found 7 stones.
n - a +0 helmet You hear Xom's maniacal laughter.
A chaos spawn comes into view.
You barely miss the chaos spawn.
You hit the chaos spawn but do no damage.
Lightning courses through the chaos spawn!
The chaos spawn is moderately wounded.
The chaos spawn hits you!
You feel your power leaking away.
You barely miss the chaos spawn.
The chaos spawn is moderately wounded.
The chaos spawn gores you! The chaos spawn freezes you!
You hit the chaos spawn.
The chaos spawn is heavily wounded.
The chaos spawn closely misses you.
You hit the chaos spawn but do no damage.
The chaos spawn flickers and vanishes!
Deactivating autopickup; reactivate with Ctrl-A.
Something hits you!
You die...

########## ..<>.....###
### .........#.## #.##
.........#..# #..#
###...####..# #..##
............# ##@.## ..
.#.#....##%.#####{.###....
...####.......###..(......
#...# ####.........###....
..#%# #.......#...# ..
.##.# #.##.#..#.#..... .
#.# ####.##..#.#.#...### .
#.# #............. #..# .
#.###....##......# #..#


There were no monsters in sight!

Vanquished Creatures
  A gnoll (D:1)
  2 worms
  3 dart slugs
  4 ball pythons
  3 endoplasms (D:2)
  A giant cockroach (D:1)
  2 goblins
  A hobgoblin (D:2)
  4 jackals (D:1)
  2 quokkas (D:1)
  5 bats
  3 frilled lizards
  3 kobolds
  3 rats (D:1)
37 creatures vanquished.

Notes
Turn   | Place    | Note
-------+----------+-------------------------------------------
     0 | D:1      | qw the Barachi Chaos Knight began the quest for the Orb.
     0 | D:1      | Reached XP level 1. HP: 18/18 MP: 1/1
     0 | D:1      | 0 ||| qw: Version: 0.1-a-103-gd6f5d3a
     0 | D:1      | 0 ||| qw: Game counter: 5687
     0 | D:1      | 0 ||| qw: Always use a shield: true
     0 | D:1      | 0 ||| qw: God list: Okawaru
     0 | D:1      | 0 ||| qw: Allow faded altars: false
     0 | D:1      | 0 ||| qw: Do Orc after D:15 true
     0 | D:1      | 0 ||| qw: Do second Lair branch before Depths: true
     0 | D:1      | 0 ||| qw: Lair rune preference: random
     0 | D:1      | 0 ||| qw: Plans: Normal
     0 | D:1      | 0 ||| PLANNING D:1-11
     0 | D:1      | Fell from the grace of Xom
   201 | D:1      | Reached XP level 2. HP: 24/24 MP: 2/2
   406 | D:1      | Reached skill level 4 in Axes
   600 | D:1      | XOM: draining
   683 | D:1      | 683 ||| Stepping ~*~*~tactically~*~*~ (stealth).
   685 | D:1      | 685 ||| Stepping ~*~*~tactically~*~*~ (stealth).
   688 | D:1      | 688 ||| Stepping ~*~*~tactically~*~*~ (stealth).
   693 | D:1      | Reached XP level 3. HP: 16/27 MP: 3/3
   751 | D:1      | XOM: scenery: 1 doors close
   756 | D:1      | 756 ||| Stepping ~*~*~tactically~*~*~ (stealth).
  1077 | D:1      | 1077 ||| Stepping ~*~*~tactically~*~*~ (hiding).
  1184 | D:1      | 1184 ||| DROPPING orb of energy.
  1185 | D:1      | 1185 ||| READING scroll labelled ECLOGU RAJOMMO.
  1186 | D:1      | 1186 ||| READING scroll labelled HIMMAKK RURPH.
  1187 | D:1      | 1187 ||| READING scroll labelled XESOOSCH CUYHO.
  1194 | D:2      | Found Nealysi's Magic Scroll Shop.
  1205 | D:2      | 1205 ||| STAIRDANCE
  1281 | D:2      | Reached skill level 5 in Axes
  1281 | D:2      | 1281 ||| STAIRDANCE
  1370 | D:1      | XOM: give mutations
  1370 | D:1      | Gained mutation: You are weak. (Str -2) [Xom's mischief]
  1370 | D:1      | Gained mutation: You are clumsy. (Dex -2) [Xom's mischief]
  1427 | D:2      | 1427 ||| Stepping ~*~*~tactically~*~*~ (hiding).
  1428 | D:2      | 1428 ||| Stepping ~*~*~tactically~*~*~ (hiding).
  1432 | D:2      | 1432 ||| Stepping ~*~*~tactically~*~*~ (hiding).
  1500 | D:2      | 1500 ||| Stepping ~*~*~tactically~*~*~ (stealth).
  1510 | D:2      | 1510 ||| BUYING scroll of identify (20 gold).
  1510 | D:2      | Bought a scroll of identify for 20 gold pieces
  1510 | D:2      | 1510 ||| BUYING scroll of identify (20 gold).
  1510 | D:2      | Bought a scroll of identify for 20 gold pieces
  1510 | D:2      | 1510 ||| SHOPLISTING scroll of teleportation (30 gold, have
                  | 25).
  1557 | D:2      | 1557 ||| Stepping ~*~*~tactically~*~*~ (stealth).
  1645 | D:2      | Found a faded altar of an unknown god.
  1783 | D:2      | Reached XP level 4. HP: 35/36 MP: 4/4
  1833 | D:2      | XOM: summons 1 hostile demon
  1834 | D:2      | Noticed a chaos spawn
  1836 | D:2      | HP: 8/36 [chaos spawn[Xom] (10)]
  1838 | D:2      | Slain by a chaos spawn

Levels and vault maps discovered:
D:1:      dpeg_arrival_shelter, layout_basic, minmay_bisected
D:2:      layout_rooms, serial_shops, shop_scrolls,
          dreamdust_ecumenical_altar_grove, hangedman_abyss_or_decor_lesser_grid

Skill      XL: |  1  2  3 |
---------------+----------+-----
Axes           | 4 5 |  5.2
Fighting       | |  3.6
Armour         | |  2.4
Dodging        | |  1.1

Action                   |  1- 3 |  4- 6 || total
-------------------------+-------+-------++-------
Melee: Hand axe          |    98 |    10 ||   108
Throw: Boomerang         |    33 |     1 ||    34
Invok: Renounce Religion |     1 |       ||     1
  Use: Scroll            |     3 |       ||     3
 Stab: Paralysed         |     3 |       ||     3
Armor: Leather armour    |    37 |     1 ||    38
Dodge: Dodged            |    56 |     8 ||    64

Table legend:
 A = Non-vault XP
 B = Vault XP
 C = Vault XP percentage of total XP
 D = Non-vault monster count
 E = Vault monster count
 F = Vault count percentage of total count
                 A         B        C        D         E       F
            +---------+---------+-------+---------+---------+-------
      Total |      81 |       4 |   4.7 |      35 |       2 |   5.4
            +---------+---------+-------+---------+---------+-------
        D:1 |      50 |       4 |   7.4 |      20 |       2 |   9.1
        D:2 |      31 |       0 |   0.0 |      15 |       0 |   0.0
            +---------+---------+-------+---------+---------+-------
